| TOP OF THE 1ST |
|
Johnson City Cardinals batting - Pitching for Philadelphia (APP) Phillies : RHP Gregorio Padilla
|
|
Pitching: RHP Gregorio Padilla
|
|
|
Batting: RHB Nick Latulippe
|
0-0: Called Strike 0-1: Ball 1-1: Swinging Strike 1-2: Ball 2-2: Foul Ball, location: 2F 2-2: Foul Ball, location: 2F 2-2: Strikes out swinging
|
|
Batting: RHB Herbert Loveless
|
0-0: Ball 1-0: Foul Ball, location: 2F 1-1: Ball 2-1: Foul Ball, location: 2F 2-2: SOLO HOME RUN (Flyball, 7LD, EV 93.1 MPH), Distance : 340 ft
|
|
Batting: RHB Tim Jobe
|
0-0: Called Strike 0-1: Foul Ball, location: 2F 0-2: Ball 1-2: Strikes out swinging
|
|
Batting: LHB Billy Lang
|
0-0: Called Strike 0-1: Ball 1-1: Swinging Strike 1-2: Strikes out swinging
|
| Top of the 1st over - 1 run, 1 hit, 0 errors, 0 left on base; Johnson City 1 - Philadelphia (APP) 0 |
| BOTTOM OF THE 1ST |
|
Philadelphia (APP) Phillies batting - Pitching for Johnson City Cardinals : LHP David Salas
|
|
Pitching: LHP David Salas
|
|
|
Batting: RHB Trent Hedrick
|
0-0: Ball 1-0: Ball 2-0: Ball 3-0: Called Strike 3-1: Swinging Strike 3-2: Base on Balls
|
|
Batting: RHB Mike Bell
|
0-0: Ball 1-0: Ball 2-0: Ball 3-0: Called Strike 3-1: Fielders Choice at 2nd, 2-6 (Groundball, 2R, EV 68.1 MPH)
|
|
Batting: RHB Tony Perez
|
0-0: Called Strike 0-1: Called Strike 0-2: Ball 1-2: Fly out, F8 (Flyball, 8LD, EV 88.8 MPH)
|
|
Batting: RHB Allen Gravel
|
0-0: Called Strike 0-1: Ball 1-1: Ball 2-1: Foul Ball, location: 2F 2-2: Strikes out looking
|
| Bottom of the 1st over - 0 runs, 0 hits, 0 errors, 1 left on base; Johnson City 1 - Philadelphia (APP) 0 |
| TOP OF THE 2ND |
|
Johnson City Cardinals batting - Pitching for Philadelphia (APP) Phillies : RHP Gregorio Padilla
|
|
Batting: RHB Adam Hudson
|
0-0: Called Strike 0-1: Ball 1-1: Swinging Strike 1-2: Strikes out looking
|
|
Batting: RHB Kyle Burns
|
0-0: SOLO HOME RUN (Flyball, 78XD, EV 105.6 MPH), Distance : 402 ft
|
|
Batting: RHB Geoff Musico
|
0-0: Foul Ball, location: 2F 0-1: Foul Ball, location: 2F 0-2: Strikes out swinging, 2-3 out at first.
|
|
Batting: RHB Bobby Miles
|
0-0: Called Strike 0-1: Ground out 6-3 (Groundball, P, EV 92.5 MPH)
|
| Top of the 2nd over - 1 run, 1 hit, 0 errors, 0 left on base; Johnson City 2 - Philadelphia (APP) 0 |
| BOTTOM OF THE 2ND |
|
Philadelphia (APP) Phillies batting - Pitching for Johnson City Cardinals : LHP David Salas
|
|
Batting: LHB Joel Moore
|
0-0: Ball 1-0: Called Strike 1-1: Fly out, F8 (Flyball, 8LXD, EV 109.4 MPH)
|
|
Batting: RHB Zach Slot
|
0-0: Swinging Strike 0-1: Ball 1-1: Foul Ball, location: 2F 1-2: Strikes out looking
|
|
Batting: RHB Guan-pei Gao
|
0-0: SOLO HOME RUN (Flyball, 78XD, EV 95.6 MPH), Distance : 390 ft
|
|
Batting: RHB Lee Wright
|
0-0: Ball 1-0: Ball 2-0: Ball 3-0: Foul Ball, location: 2F 3-1: SOLO HOME RUN (Flyball, 78XD, EV 102.5 MPH), Distance : 420 ft
|
|
Batting: LHB Jesse Haught
|
0-0: Fly out, F7 (Flyball, 7, EV 82.5 MPH)
|
| Bottom of the 2nd over - 2 runs, 2 hits, 0 errors, 0 left on base; Johnson City 2 - Philadelphia (APP) 2 |
| TOP OF THE 3RD |
|
Johnson City Cardinals batting - Pitching for Philadelphia (APP) Phillies : RHP Gregorio Padilla
|
|
Batting: RHB Alex Melgoza
|
0-0: Ball 1-0: Foul Ball, location: 2F 1-1: Ball 2-1: Foul Ball, location: 2F 2-2: Foul Ball, location: 2F 2-2: Foul Ball, location: 2F 2-2: SINGLE (Groundball, 6MS, EV 88.8 MPH) (infield hit)
|
|
Batting: RHB Nick Latulippe
|
0-0: Ball 1-0: Called Strike 1-1: Foul Ball, location: 2F 1-2: Foul Ball, location: 2F 1-2: Foul Ball, location: 2F 1-2: Strikes out swinging
|
|
Batting: RHB Herbert Loveless
|
0-0: Hit by Pitch Alex Melgoza to second
|
|
Batting: RHB Tim Jobe
|
0-0: Ball 1-0: Called Strike 1-1: Ball Balk! Alex Melgoza to third Herbert Loveless to second 2-1: Swinging Strike 2-2: Strikes out swinging
|
|
Batting: LHB Billy Lang
|
0-0: Foul Ball, location: 2F 0-1: Reached on error, E1 (Groundball, 25, EV 64.4 MPH) Alex Melgoza scores Herbert Loveless to third
|
|
Batting: RHB Adam Hudson
|
0-0: Ball 1-0: Ball 2-0: Ball 3-0: Called Strike 3-1: Swinging Strike 3-2: Ground out 4-3 (Groundball, 4M, EV 82.5 MPH)
|
| Top of the 3rd over - 1 run, 1 hit, 1 error, 2 left on base; Johnson City 3 - Philadelphia (APP) 2 |
| BOTTOM OF THE 3RD |
|
Philadelphia (APP) Phillies batting - Pitching for Johnson City Cardinals : LHP David Salas
|
|
Batting: RHB Trent Hedrick
|
0-0: Ball 1-0: Ball 2-0: Called Strike 2-1: Called Strike 2-2: Foul Ball, location: 2F 2-2: Foul Ball, location: 2F 2-2: Hit by Pitch
|
|
Batting: RHB Mike Bell
|
0-0: Ball 1-0: Called Strike 1-1: Ball 2-1: Ball Trent Hedrick steals 2nd base 3-1: DOUBLE (Line Drive, 89D, EV 106.9 MPH) Trent Hedrick scores
|
|
Batting: RHB Tony Perez
|
0-0: Called Strike 0-1: Ball 1-1: Ball 2-1: Swinging Strike 2-2: Strikes out swinging
|
|
Batting: RHB Allen Gravel
|
0-0: Ball 1-0: Ball 2-0: Ball 3-0: Called Strike 3-1: Called Strike 3-2: Ground out 4-3 (Groundball, 4S, EV 82.5 MPH) Mike Bell to third
|
|
Batting: LHB Joel Moore
|
0-0: Called Strike 0-1: Ground out 4-3 (Groundball, 4, EV 86.9 MPH)
|
| Bottom of the 3rd over - 1 run, 1 hit, 0 errors, 1 left on base; Johnson City 3 - Philadelphia (APP) 3 |
| TOP OF THE 4TH |
|
Johnson City Cardinals batting - Pitching for Philadelphia (APP) Phillies : RHP Gregorio Padilla
|
|
Batting: RHB Kyle Burns
|
0-0: Called Strike 0-1: Fly out, F8 (Flyball, 8LM, EV 76.9 MPH)
|
|
Batting: RHB Geoff Musico
|
0-0: Foul Ball, location: 2F 0-1: Called Strike 0-2: Strikes out swinging
|
|
Batting: RHB Bobby Miles
|
0-0: Called Strike 0-1: Fly out, F8 (Flyball, 8LS, EV 81.2 MPH)
|
| Top of the 4th over - 0 runs, 0 hits, 0 errors, 0 left on base; Johnson City 3 - Philadelphia (APP) 3 |
| BOTTOM OF THE 4TH |
|
Philadelphia (APP) Phillies batting - Pitching for Johnson City Cardinals : LHP David Salas
|
|
Batting: RHB Zach Slot
|
0-0: Swinging Strike 0-1: Ball 1-1: DOUBLE (Flyball, 78D, EV 95.0 MPH)
|
|
Batting: RHB Guan-pei Gao
|
0-0: Foul Ball, location: 2F 0-1: Ball 1-1: Called Strike 1-2: Ball 2-2: Foul Ball, location: 2F 2-2: Ball 3-2: Ground out 1-3 (Groundball, 13S, EV 71.2 MPH) Zach Slot to third
|
|
Batting: RHB Lee Wright
|
0-0: Ball 1-0: Called Strike 1-1: Ball 2-1: Ball 3-1: Base on Balls
|
|
Batting: LHB Jesse Haught
|
0-0: Ball 1-0: Foul Ball, location: 2F 1-1: Foul Ball, location: 2F 1-2: Ball 2-2: SINGLE (Groundball, 4D, EV 96.9 MPH) Zach Slot scores Lee Wright to second
|
|
Batting: RHB Trent Hedrick
|
0-0: Called Strike 0-1: Ball 1-1: Ball 2-1: Swinging Strike 2-2: Fly out, F7 (Line Drive, 78M, EV 100.0 MPH)
|
|
Batting: RHB Mike Bell
|
0-0: Ball 1-0: Foul Ball, location: 2F 1-1: Swinging Strike 1-2: SINGLE (Line Drive, 9S, EV 95.6 MPH) Lee Wright to third Jesse Haught to second
|
|
Batting: RHB Tony Perez
|
0-0: Swinging Strike 0-1: Ball 1-1: Ball 2-1: Swinging Strike 2-2: Ball 3-2: Strikes out swinging
|
| Bottom of the 4th over - 1 run, 3 hits, 0 errors, 3 left on base; Johnson City 3 - Philadelphia (APP) 4 |
| TOP OF THE 5TH |
|
Johnson City Cardinals batting - Pitching for Philadelphia (APP) Phillies : RHP Gregorio Padilla
|
|
Batting: RHB Alex Melgoza
|
0-0: Ball 1-0: Ball 2-0: Ball 3-0: Base on Balls
|
|
Batting: RHB Nick Latulippe
|
0-0: Ball 1-0: Ball 2-0: Called Strike 2-1: Foul Ball, location: 2F 2-2: Foul Ball, location: 2F 2-2: Foul Ball, location: 2F 2-2: Foul Ball, location: 2F 2-2: Ball 3-2: SINGLE (Groundball, 6MS, EV 65.6 MPH) (infield hit) Alex Melgoza to second
|
|
Pitching: RHP Tony Ferreira
|
|
|
Batting: RHB Herbert Loveless
|
0-0: Ball 1-0: Foul Ball, location: 2F 1-1: Fly out, F8 (Flyball, 8RXD, EV 103.8 MPH) Runner from 2nd tags up, SAFE at 3rd, no throw by CF
|
|
Batting: RHB Tim Jobe
|
0-0: Swinging Strike 0-1: Ball 1-1: Ball Nick Latulippe steals 2nd base 2-1: Swinging Strike 2-2: 3-RUN HOME RUN (Flyball, 78XD, EV 98.8 MPH), Distance : 391 ft
|
|
Batting: LHB Billy Lang
|
0-0: Called Strike 0-1: Swinging Strike 0-2: Foul Ball, location: 2F 0-2: Ball 1-2: Strikes out swinging
|
|
Batting: RHB Adam Hudson
|
0-0: Called Strike 0-1: Ball 1-1: Called Strike 1-2: Strikes out swinging
|
| Top of the 5th over - 3 runs, 2 hits, 0 errors, 0 left on base; Johnson City 6 - Philadelphia (APP) 4 |
| BOTTOM OF THE 5TH |
|
Philadelphia (APP) Phillies batting - Pitching for Johnson City Cardinals : LHP David Salas
|
|
Pitching: RHP Francisco Galindo
|
|
|
Batting: RHB Allen Gravel
|
0-0: Ball 1-0: Ball 2-0: Swinging Strike 2-1: Called Strike 2-2: Ball 3-2: Foul Ball, location: 2F 3-2: Base on Balls
|
|
Batting: LHB Joel Moore
|
0-0: Ball 1-0: Swinging Strike 1-1: Ball 2-1: Fielders Choice at 2nd, 1-6 (Groundball, 34S, EV 75.0 MPH)
|
|
Batting: RHB Zach Slot
|
0-0: Called Strike 0-1: Ball 1-1: Swinging Strike 1-2: Fly out, F9 (Line Drive, 9, EV 90.6 MPH)
|
|
Batting: RHB Guan-pei Gao
|
Balk! Joel Moore to second 0-0: Foul Ball, location: 2F 0-1: Ball 1-1: Ball 2-1: SINGLE (Line Drive, 89S, EV 96.2 MPH) Joel Moore to third
|
|
Batting: RHB Lee Wright
|
0-0: Called Strike 0-1: Ball 1-1: Foul Ball, location: 2F 1-2: Fly out, F8 (Flyball, 78D, EV 90.0 MPH)
|
| Bottom of the 5th over - 0 runs, 1 hit, 0 errors, 2 left on base; Johnson City 6 - Philadelphia (APP) 4 |
| TOP OF THE 6TH |
|
Johnson City Cardinals batting - Pitching for Philadelphia (APP) Phillies : RHP Tony Ferreira
|
|
Batting: RHB Kyle Burns
|
0-0: Called Strike 0-1: SINGLE (Groundball, 34D, EV 105.0 MPH)
|
|
Batting: RHB Geoff Musico
|
0-0: Called Strike 0-1: Swinging Strike 0-2: Strikes out swinging
|
|
Batting: RHB Bobby Miles
|
0-0: Ball 1-0: Called Strike 1-1: SINGLE (Groundball, 25, EV 71.9 MPH) (infield hit) Kyle Burns to second
|
|
Batting: RHB Alex Melgoza
|
0-0: Foul Ball, location: 2F 0-1: Foul Ball, location: 2F 0-2: Strikes out swinging
|
|
Batting: RHB Nick Latulippe
|
0-0: Called Strike 0-1: Ball 1-1: Called Strike 1-2: Ball 2-2: Ball 3-2: Foul Ball, location: 2F 3-2: Base on Balls Kyle Burns to third Bobby Miles to second
|
|
Pitching: RHP Si-dao Xia
|
|
|
Batting: RHB Herbert Loveless
|
0-0: Ball 1-0: Ball 2-0: Called Strike 2-1: Ground out 4-3 (Groundball, 34, EV 100.6 MPH)
|
| Top of the 6th over - 0 runs, 2 hits, 0 errors, 3 left on base; Johnson City 6 - Philadelphia (APP) 4 |
| BOTTOM OF THE 6TH |
|
Philadelphia (APP) Phillies batting - Pitching for Johnson City Cardinals : RHP Francisco Galindo
|
|
Pitching: RHP Kiyoyuki Abe
|
|
|
Batting: LHB Jesse Haught
|
0-0: Ball 1-0: Ball 2-0: Ball 3-0: Base on Balls
|
|
Batting: RHB Trent Hedrick
|
0-0: Called Strike 0-1: Ball 1-1: DOUBLE (Line Drive, 78D, EV 113.1 MPH) Jesse Haught to third
|
|
Batting: RHB Mike Bell
|
0-0: Ball 1-0: Ball 2-0: SINGLE (Line Drive, 89S, EV 105.0 MPH) Jesse Haught scores Trent Hedrick to third
|
|
Batting: RHB Tony Perez
|
0-0: Called Strike 0-1: Ball 1-1: Ball 2-1: SINGLE (Groundball, 4MD, EV 106.9 MPH) Trent Hedrick scores Mike Bell to second Throwing error, E8 Mike Bell scores Tony Perez to second
|
|
Batting: RHB Allen Gravel
|
0-0: Called Strike 0-1: Ball 1-1: Swinging Strike 1-2: Ball Wild Pitch! Tony Perez to third 2-2: Ball 3-2: Base on Balls
|
|
Pitching: RHP Daniel Boulter
|
|
|
Batting: LHB Joel Moore
|
0-0: Ball 1-0: Ball 2-0: Ball 3-0: Called Strike 3-1: Foul Ball, location: 2F 3-2: Base on Balls Allen Gravel to second
|
|
Batting: RHB Zach Slot
|
0-0: Called Strike 0-1: Ball 1-1: Foul Ball, location: 2F 1-2: Foul Ball, location: 2F 1-2: Ball 2-2: Grounds into fielders choice 6-2 (Groundball, 6, EV 103.8 MPH) Allen Gravel to third Joel Moore to second
|
|
Batting: RHB Guan-pei Gao
|
0-0: SINGLE (Groundball, 6M, EV 95.0 MPH) Allen Gravel scores Joel Moore to third Zach Slot to second
|
|
Batting: RHB Lee Wright
|
0-0: Called Strike 0-1: Fly out, F8 (Flyball, 8RXD, EV 90.6 MPH) Runner from 3rd tags up, SCORES, no throw by CF
|
|
Batting: LHB Jesse Haught
|
0-0: Called Strike 0-1: Swinging Strike 0-2: Ball 1-2: Ball 2-2: Ball 3-2: Foul Ball, location: 2F 3-2: Ground out 5-3 (Groundball, 6, EV 109.4 MPH)
|
| Bottom of the 6th over - 5 runs, 4 hits, 1 error, 2 left on base; Johnson City 6 - Philadelphia (APP) 9 |
| TOP OF THE 7TH |
|
Johnson City Cardinals batting - Pitching for Philadelphia (APP) Phillies : RHP Si-dao Xia
|
|
Batting: RHB Tim Jobe
|
0-0: Called Strike 0-1: Ball 1-1: Ball 2-1: Foul Ball, location: 2F 2-2: Ball 3-2: Ground out 3-1 (Groundball, 34, EV 81.2 MPH)
|
|
Batting: LHB Billy Lang
|
0-0: Ball 1-0: Foul Ball, location: 2F 1-1: Ball 2-1: Ball 3-1: Ground out 6-3 (Groundball, 6, EV 97.5 MPH)
|
|
Batting: RHB Adam Hudson
|
0-0: Ball 1-0: Ball 2-0: Foul Ball, location: 2F 2-1: Ball 3-1: Base on Balls
|
|
Batting: RHB Kyle Burns
|
0-0: Fly out, F9 (Flyball, 9LS, EV 76.2 MPH)
|
| Top of the 7th over - 0 runs, 0 hits, 0 errors, 1 left on base; Johnson City 6 - Philadelphia (APP) 9 |
| BOTTOM OF THE 7TH |
|
Philadelphia (APP) Phillies batting - Pitching for Johnson City Cardinals : RHP Daniel Boulter
|
|
Pitching: RHP Mark Rivera
|
|
|
Batting: RHB Trent Hedrick
|
0-0: Ball 1-0: Swinging Strike 1-1: SOLO HOME RUN (Flyball, 9D, EV 96.9 MPH), Distance : 366 ft
|
|
Batting: RHB Mike Bell
|
0-0: Called Strike 0-1: Foul Ball, location: 2F 0-2: Fly out, F9 (Flyball, 9LMF, EV 87.5 MPH)
|
|
Batting: RHB Tony Perez
|
0-0: Called Strike 0-1: SOLO HOME RUN (Flyball, 78XD, EV 106.2 MPH), Distance : 390 ft
|
|
Batting: RHB Allen Gravel
|
0-0: Ball 1-0: Foul Ball, location: 2F 1-1: Ground out 4-3 (Groundball, 4M, EV 104.4 MPH)
|
|
Batting: LHB Joel Moore
|
0-0: Swinging Strike 0-1: Foul Ball, location: 2F 0-2: Ground out 4-3 (Groundball, 4D, EV 110.0 MPH)
|
| Bottom of the 7th over - 2 runs, 2 hits, 0 errors, 0 left on base; Johnson City 6 - Philadelphia (APP) 11 |
| TOP OF THE 8TH |
|
Johnson City Cardinals batting - Pitching for Philadelphia (APP) Phillies : RHP Si-dao Xia
|
|
Batting: RHB Geoff Musico
|
0-0: Fly out, F9 (Flyball, 9D, EV 99.4 MPH)
|
|
Batting: RHB Bobby Miles
|
0-0: Ball 1-0: Swinging Strike 1-1: Ground out 4-3 (Groundball, 4MD, EV 106.9 MPH)
|
|
Batting: RHB Alex Melgoza
|
0-0: Ball 1-0: Called Strike 1-1: Ball 2-1: Foul Ball, location: 2F 2-2: Foul Ball, location: 2F 2-2: Ball 3-2: Base on Balls
|
|
Batting: RHB Nick Latulippe
|
0-0: Ball 1-0: Ground out U3 (Groundball, 34S, EV 84.4 MPH)
|
| Top of the 8th over - 0 runs, 0 hits, 0 errors, 1 left on base; Johnson City 6 - Philadelphia (APP) 11 |
| BOTTOM OF THE 8TH |
|
Philadelphia (APP) Phillies batting - Pitching for Johnson City Cardinals : RHP Mark Rivera
|
|
Batting: RHB Zach Slot
|
0-0: Ball 1-0: Ball 2-0: Ball 3-0: Base on Balls
|
|
Pitching: LHP Heriberto Flores
|
|
|
Batting: RHB Guan-pei Gao
|
0-0: Called Strike 0-1: Ball 1-1: Ball 2-1: Ball 3-1: Foul Ball, location: 2F 3-2: Foul Ball, location: 2F 3-2: Base on Balls Zach Slot to second
|
|
Batting: RHB Lee Wright
|
0-0: Called Strike 0-1: Ball 1-1: Foul Ball, location: 2F 1-2: Fielders Choice at 2nd, 6-4 (Groundball, 56, EV 83.1 MPH) Zach Slot to third
|
|
Batting: LHB Jesse Haught
|
0-0: Called Strike 0-1: Ball 1-1: 3-RUN HOME RUN (Flyball, 7LD, EV 91.2 MPH), Distance : 335 ft
|
|
Pinch Hitting: LHB Emilio Ortez
|
0-0: Swinging Strike 0-1: Foul Ball, location: 2F 0-2: Ball 1-2: Strikes out swinging, 2-3 out at first.
|
|
Pitching: RHP Emmanuel Godfrey
|
|
|
Batting: RHB Mike Bell
|
0-0: Called Strike 0-1: Ball 1-1: Called Strike 1-2: Strikes out swinging
|
| Bottom of the 8th over - 3 runs, 1 hit, 0 errors, 0 left on base; Johnson City 6 - Philadelphia (APP) 14 |
| TOP OF THE 9TH |
|
Johnson City Cardinals batting - Pitching for Philadelphia (APP) Phillies : RHP Si-dao Xia
|
|
Now at 1B: Emilio Ortez
|
|
|
Batting: RHB Herbert Loveless
|
0-0: Ball 1-0: Foul Ball, location: 2F 1-1: Ball 2-1: Ground out 4-3 (Groundball, 4MD, EV 99.4 MPH)
|
|
Batting: RHB Tim Jobe
|
0-0: Ball 1-0: SOLO HOME RUN (Line Drive, 8LXD, EV 111.9 MPH), Distance : 441 ft
|
|
Batting: LHB Billy Lang
|
0-0: Ball 1-0: Fly out, F9 (Flyball, 89M, EV 88.1 MPH)
|
|
Batting: RHB Adam Hudson
|
0-0: Ball 1-0: Ball 2-0: Ball 3-0: Called Strike 3-1: Base on Balls
|
|
Batting: RHB Kyle Burns
|
0-0: Ball 1-0: Fly out, F7 (Flyball, 7D, EV 103.1 MPH)
|
| Top of the 9th over - 1 run, 1 hit, 0 errors, 1 left on base; Johnson City 7 - Philadelphia (APP) 14 |
|